 Dungeon Crawl Stone Soup version 0.31-a0-1163-gcee99d1eea (webtiles) character file.

Game seed: 471319950148050739

48 bjtr the Sneak (level 3, 0/16 HPs)
             Began as a Vine Stalker Enchanter on Dec 9, 2023.
             Succumbed to an orc's poison
             ... on level 3 of the Dungeon.
             The game lasted 00:05:57 (1522 turns).

bjtr the Sneak (Vine Stalker Enchanter)             Turns: 1522, Time: 00:05:58

Health: 0/16       AC:  7    Str: 10    XL:     3   Next: 72%
Magic:  7/7        EV: 11    Int: 17    God:
Gold:   110        SH:  0    Dex: 14    Spells: 1/6 levels left

rFire   . . .        a - +1 dagger
rCold   . . .        (no shield)
rNeg    . . .        v - +2 leather armour of Immorality {*Slow +Inv Will++ SInv}
rPois   .            k - +0 helmet
rElec   .            (no cloak)
rCorr   .            (no gloves)
SInv    +            w - +0 pair of boots
Will    ++...        e - amulet of the acrobat
Stlth   ++           (no ring)
HPRegen 1.02/turn    (no ring)
MPRegen 0.10/turn

%: slow self (1%), acrobat, guardian spirit
@: lethally poisoned (0 -> -1), attractive
A: fangs 2, regeneration 1, magic shield, antimagic bite, no potion heal 2
a: Evoke Invisibility


You were on level 3 of the Dungeon.
You visited 1 branch of the dungeon, and saw 3 of its levels.

You collected 110 gold pieces.

Inventory:

Hand Weapons
 a - a +1 dagger (weapon)
 i - a +0 sling
Missiles
 m - 2 datura-tipped darts
 r - 2 curare-tipped darts
Armour
 b - a +0 robe
 f - a +0 leather armour
 k - a +0 helmet (worn)
 v - the +2 leather armour of Immorality (worn) {*Slow +Inv Will++ SInv}
   (You found it on level 2 of the Dungeon)

   Will++:    It greatly increases your willpower.
   SInv:      It lets you see invisible.
   +Inv:      It lets you turn invisible.
   *Slow:     It may slow you when you take damage.
 w - a +0 pair of boots (worn)
Jewellery
 e - an amulet of the acrobat (around neck)
Scrolls
 j - a scroll of poison {unknown}
 n - a scroll of amnesia {unknown}
 t - a scroll of immolation {unknown}
Potions
 c - 2 potions of invisibility
 d - a potion of ambrosia {unknown}
 g - a potion of magic
 h - a potion of haste {unknown}
 l - 2 potions of attraction
 p - a potion of might {unknown}
 q - a potion of enlightenment {unknown}
 s - a potion of brilliance {unknown}
 u - a potion of degeneration {unknown}


   Skills:
 * Level 1.4 Short Blades
 + Level 1.7 Dodging
 + Level 4.4 Stealth
 + Level 2.3 Spellcasting
 + Level 3.6 Hexes


You had one spell level left.
You knew the following spells:

 Your Spells              Type           Power      Damage    Failure   Level
a - Ensorcelled Hibernat  Hex/Ice        16%        N/A       19%         2
b - Confusing Touch       Hex            14%        N/A       17%         3

Your spell library contained the following spells:

 Spells                   Type           Power      Damage    Failure   Level
 Tukima's Dance           Hex            14%        N/A       17%         3
 Blink                    Tloc           2%         N/A       36%         2
 Scorch                   Fire           2%         2d5       36%         2
 Sublimation of Blood     Necr           1%         N/A       36%         2
 Dazzling Flash           Conj/Hex       16%        N/A       36%         3
 Flame Wave               Conj/Fire      1%         2d4       94%         4
 Manifold Assault         Tloc           1%         N/A       94%         4
 Petrify                  Tmut/Erth      1%         N/A       94%         4
 Irradiate                Conj/Tmut      0%         3d11      100%        5
 Summon Cactus Giant      Summ           0%         N/A       100%        6


Dungeon Overview and Level Annotations

Branches:
Dungeon (3/15)

Altars:


Innate Abilities, Weirdness & Mutations

You have extremely sharp teeth.
Your natural rate of healing is unusually fast.
When hurt, damage is shared between your health and your magic reserves.
Your bite disrupts and absorbs the magic of your enemies.
Potions cannot restore your health.


Message History

The orc hits you with a +0 dagger.
You hit the orc. You bite the orc.
You kill the orc!
You hit the orc.
The orc is lightly wounded.
The orc hits you with a +1 war axe of venom.
You are poisoned.
You hit the orc. You bite the orc, but do no damage.
The orc is heavily wounded.
You feel sick.
The orc hits you with a +1 war axe of venom!
You are more poisoned.
You hit the orc. You bite the orc.
You kill the orc!
You feel very sick.
You hit the orc.
The orc is moderately wounded.
You feel very sick. The orc closely misses you.
You barely miss the orc. Your bite misses the orc.
The orc is moderately wounded.
You feel sick. The orc misses you. The worm bites you.
* * * LOW HITPOINT WARNING * * *
Unknown command.
Cast which spell? (? or * to list)
Okay, then.
Blink to where?
Press: ? - help, Dir - move target
Found a stone staircase leading down.
As you read the scroll labelled RAPAVU MIAFIU, it crumbles to dust.
It was a scroll of blinking.
* * * LOW HITPOINT WARNING * * *
You feel sick.
It was a potion of attraction.
You feel attractive to monsters.
* * * LOW HITPOINT WARNING * * *
You feel sick. The bat barely misses you. The worm is attracted toward you.
The orc is attracted toward you.
It was a potion of magic.
Magic courses through your body.
You die...

....#.###.....#)#
.##.#. +.....#§#
# ##
##.....#.#####
........§..?..#
......#.o#.###.#
.####.#..#"#
#.w.....
##b...####
#@....# #..#..#
#..#.## .>..
..... #.#.#.. #.
.#.## #. .###


You could see a worm, an orc and a bat.

Vanquished Creatures
  2 worms (D:2)
  2 dart slugs
  3 orcs (D:3)
  2 endoplasms
  2 giant cockroaches (D:1)
  2 goblins
  4 hobgoblins
  3 jackals (D:1)
  3 quokkas
  2 ball pythons (D:2)
  A bat (D:2)
  3 kobolds
  3 rats
32 creatures vanquished.

Notes
Turn   | Place    | Note
-------+----------+-------------------------------------------
     0 | D:1      | bjtr the Vine Stalker Enchanter began the quest for the
                  | Orb.
     0 | D:1      | Reached XP level 1. HP: 9/9 MP: 4/4
    23 | D:1      | Reached skill level 1 in Short Blades
   214 | D:1      | Reached XP level 2. HP: 13/13 MP: 6/6
   349 | D:1      | Reached skill level 4 in Stealth
   441 | D:1      | Learned a level 2 spell: Ensorcelled Hibernation
   790 | D:2      | Reached XP level 3. HP: 15/16 MP: 5/7
   859 | D:2      | Learned a level 3 spell: Confusing Touch
  1250 | D:2      | Identified the +2 leather armour of Immorality {*Slow +Inv
                  | Will++ SInv}
  1522 | D:3      | Succumbed to an orc's poison

Illustrated notes

Levels and vault maps discovered:
D:1:      scummos_arrival_star, layout_loops_ring, minmay_misc_feat_plants
D:2:      layout_basic, minmay_cut_off
D:3:      layout_basic, basic_ecumenical_altar

Skill      XL: |  1  2 |
---------------+-------+-----
Short Blades   | 1 |  1.4
Stealth        | 4 |  4.4
Dodging        | |  1.7
Spellcasting   | |  2.3
Hexes          | |  3.6

Action                     || total
---------------------------++-------
  Melee: Dagger            ||   109
         Bite              ||    32
         Punch             ||     4
   Cast: Ensorcelled Hiber ||     3
    Use: Potion            ||     2
         Scroll            ||     1
   Stab: Sleeping          ||     4
 Armour: Robe              ||    32
         Leather armour    ||     8
  Dodge: Dodged            ||    68

Table legend: (Time is in decaauts)
 A = Elapsed time spent in this place.
 B = Non-inter-level travel time spent in this place.
 C = Inter-level travel time spent in this place.
 D = Time resting spent in this place.
 E = Time spent auto-exploring this place.
 F = Levels seen in this place.
 G = Mean time per level.
                   A        B        C        D        E       F      G
               +--------+--------+--------+--------+--------+-----+--------+
         Total |   1514 |   1406 |    108 |      0 |   1017 |   3 |  504.7 |
       Dungeon |   1514 |   1406 |    108 |      0 |   1017 |   3 |  504.7 |
               +--------+--------+--------+--------+--------+-----+--------+

Top non-repeatable levels by time:
     D:2: 806 daAuts
     D:1: 680 daAuts
     D:3: 28 daAuts
